AoeStats
← Blackfair

QS Arena

503323084Analyzed
4v4 RM · 1mo ago on Aug 31, 2026· 61m 7s· 8 players
Game mode
Random Map
Map size
Large (8 player)
Population
200
Speed
Normal
Resources
Standard
Victory
Conquest
Starting age
Dark Age
Ending age
Imperial Age
RankedLock teamsTeams togetherTeam positionsShared explorationLock speedFull tech treeHidden civsTurbo modeCheats
Victory
Defeat
🇲🇽 Georgians · Mexico
1078
+9
🇺🇸 Huns · United States
978
+13
🇲🇽 Slavs · Mexico
957
+14
🇲🇽 Spanish · Mexico
895
+16
🇨🇳 Mongols · China
959
-15
🇨🇳 Hindustanis · China
937
-14
🇻🇳 Romans · Vietnam
899
-12
🇨🇳 Bohemians · China
826
-9
Angoy.
7:55 Feudal Age
13:24 Castle Age
11:50 Double-Bit Axe
13:13 Wheelbarrow
15:22 Bow Saw
21:03 Horse Collar
21:25 Gold Mining
24:28 Caravan
28:25 Imperial Age
26:24 Hand Cart
26:14 Heavy Plow
26:52 Gold Shaft Mining
29:25 Arson
30:49 Loom
30:51 Town Watch
32:38 Bloodlines
33:53 Chemistry
33:37 Husbandry
36:12 Shatagni
38:34 Light Cavalry
39:15 Husbandry
39:56 Heavy Camel Rider
40:51 Hussar
40:55 Heavy Camel Rider
44:57 Grand Trunk Road
46:01 Forging
phihanoi
0:47 Loom
8:48 Feudal Age
10:11 Wheelbarrow
9:23 Double-Bit Axe
9:22 Horse Collar
19:46 Castle Age
20:53 Bow Saw
20:06 Pikeman
22:35 Forging
22:30 Scale Mail Armor
25:37 Hand Cart
30:20 Ballistics
34:55 Fortified Wall
40:18 Imperial Age
40:20 Scale Barding Armor
40:51 Iron Casting
44:56 Chemistry
44:20 Halberdier
49:10 Fletching
49:21 Padded Archer Armor
51:31 Ballistas
51:44 Elite Skirmisher
55:20 Man-at-Arms
57:49 Leather Archer Armor
57:30 Bodkin Arrow
76561198262937210
8:30 Feudal Age
7:01 Loom
9:25 Double-Bit Axe
11:22 Wheelbarrow
13:03 Castle Age
11:03 Horse Collar
12:54 Stone Mining
16:19 Bow Saw
18:59 Heavy Plow
20:22 Fletching
20:41 Gold Mining
23:04 Wheelbarrow
23:14 Gold Shaft Mining
24:05 Stone Shaft Mining
24:11 Stone Shaft Mining
23:38 Bodkin Arrow
24:50 Padded Archer Armor
25:17 Hand Cart
30:06 Imperial Age
31:31 Bracer
31:47 Leather Archer Armor
34:38 Conscription
33:40 Elite Mangudai
36:42 Nomads
38:28 Scale Barding Armor
38:33 Forging
38:47 Ballistics
39:28 Chemistry
38:35 Siege Engineers
38:26 Murder Holes
38:15 Light Cavalry
38:56 Husbandry
39:07 Bloodlines
39:32 Hussar
40:50 Bloodlines
43:25 Chain Barding Armor
43:40 Iron Casting
46:13 Fortified Wall
46:14 Masonry
47:06 Blast Furnace
46:37 Parthian Tactics
46:17 Thumb Ring
铁大炮
8:08 Feudal Age
13:06 Castle Age
11:35 Double-Bit Axe
17:07 Bow Saw
17:14 Fervor
23:17 Fletching
25:21 Wheelbarrow
24:32 Loom
29:55 Imperial Age
27:50 Hand Cart
29:22 Town Watch
31:20 Conscription
31:41 Scale Barding Armor
31:39 Scale Mail Armor
31:34 Bodkin Arrow
32:49 Chemistry
32:10 Ballistics
33:26 Two-Man Saw
32:12 Horse Collar
33:16 Town Patrol
34:22 Bracer
34:22 Padded Archer Armor
34:39 Chain Mail Armor
33:46 Pikeman
34:27 Squires
34:12 Arson
36:42 Elite Hussite Wagon
37:58 Halberdier
39:12 Plate Mail Armor
38:53 Forging
41:23 Wagenburg Tactics
41:24 Hussite Reforms
41:09 Elite Skirmisher
43:16 Houfnice
45:40 Block Printing
45:43 Redemption
45:55 Sanctity
49:01 Iron Casting
48:42 Leather Archer Armor
Blackfair
8:57 Feudal Age
12:34 Castle Age
10:58 Horse Collar
12:48 Double-Bit Axe
19:49 Heavy Plow
20:02 Bow Saw
20:58 Gold Mining
29:10 Imperial Age
26:47 Stone Mining
30:54 Wheelbarrow
32:54 Block Printing
32:50 Redemption
33:33 Fortified Wall
33:42 Siege Engineers
33:49 Masonry
34:24 Crop Rotation
34:38 Stone Shaft Mining
35:28 Conscription
34:31 Elite Monaspa
36:51 Architecture
41:17 Hand Cart
43:10 Fervor
45:23 Fervor
47:05 Sanctity
55:32 Chemistry
56:47 Treadmill Crane
58:13 Town Watch
58:15 Loom
Shals
8:44 Feudal Age
13:08 Castle Age
26:03 Imperial Age
23:52 Loom
25:46 Wheelbarrow
25:32 Scale Barding Armor
25:41 Gold Mining
28:35 Conscription
29:47 Double-Bit Axe
30:27 Fletching
30:38 Padded Archer Armor
32:23 Chemistry
31:04 Elite Skirmisher
32:10 Leather Archer Armor
32:05 Forging
32:18 Chain Barding Armor
33:32 Ballistics
33:47 Ring Archer Armor
33:55 Thumb Ring
36:16 Hand Cart
35:48 Town Watch
36:05 Bodkin Arrow
36:20 Forging
37:58 Stone Mining
38:12 Town Patrol
38:24 Bow Saw
39:34 Hoardings
39:02 Murder Holes
39:12 Bracer
39:48 Plate Barding Armor
40:01 Gambesons
39:38 Pikeman
40:08 Halberdier
41:03 Scale Mail Armor
41:38 Iron Casting
43:59 Squires
50:41 Two-Man Saw
49:32 Horse Collar
50:08 Fortified Wall
49:46 Arson
nord 00
8:59 Feudal Age
13:50 Castle Age
11:51 Double-Bit Axe
12:09 Horse Collar
12:36 Stone Mining
17:17 Wheelbarrow
16:43 Loom
19:48 Heavy Plow
21:45 Scale Barding Armor
21:54 Gold Mining
22:32 Bow Saw
24:01 Chain Barding Armor
27:18 Imperial Age
25:06 Hand Cart
24:42 Pikeman
25:22 Squires
25:34 Forging
25:19 Town Watch
26:01 Fletching
27:08 Gold Shaft Mining
26:31 Elite Skirmisher
27:07 Bodkin Arrow
27:12 Padded Archer Armor
27:28 Husbandry
28:35 Plate Barding Armor
28:27 Conscription
28:33 Halberdier
30:00 Iron Casting
30:33 Leather Archer Armor
30:41 Ballistics
32:48 Onager
36:23 Ring Archer Armor
37:20 Blast Furnace
36:20 Scale Mail Armor
36:32 Elite Boyar
38:58 Bloodlines
40:14 Druzhina
40:37 Light Cavalry
44:19 Chain Mail Armor
44:06 Detinets
44:42 Hoardings
46:33 Man-at-Arms
47:18 Siege Onager
48:54 Caravan
49:24 Coinage
55:27 Hussar
56:27 Siege Engineers
OGnova
9:00 Feudal Age
9:29 Double-Bit Axe
9:44 Horse Collar
16:57 Castle Age
17:48 Forging
17:29 Fletching
18:56 Bow Saw
18:52 Heavy Plow
19:20 Bodkin Arrow
25:28 Ballistics
25:59 Iron Casting
26:09 Gold Mining
26:11 Stone Mining
27:31 Gold Shaft Mining
32:53 Imperial Age
30:47 Scale Mail Armor
30:56 Scale Barding Armor
31:01 Husbandry
33:20 Chain Barding Armor
34:51 Two-Man Saw
35:07 Parthian Tactics
34:34 Heavy Cavalry Archer
35:45 Squires
37:22 Pikeman
37:40 Cavalier
42:26 Paladin
49:58 Wheelbarrow
56:29 Capped Ram
Connection lost

Rejoining the realm…

Still unreachable

The connection could not be restored.

Session expired

The server has moved on; the page needs a fresh start.